 Dungeon Crawl Stone Soup version 0.28.0-53-g5a82cb258f (webtiles) character file.

Game seed: 7363056248331831383

73 Zeld the Bolt Thrower (level 4, 0/27 HPs)
             Began as a Gargoyle Hunter on May 26, 2022.
             Hit by a goblin thrown by Robin (1 damage)
             ... on level 3 of the Dungeon.
             The game lasted 00:02:29 (1603 turns).

Zeld the Bolt Thrower (Gargoyle Hunter)             Turns: 1603, Time: 00:02:29

Health: 0/27       AC:  7    Str: 17    XL:     4   Next: 27%
Magic:  4/4        EV: 11    Int: 12    God:
Gold:   134        SH:  0    Dex: 10    Spells: 3/3 levels left

rFire   . . .      SeeInvis .   a - +1 hand crossbow
rCold   . . .      Faith    .   (no shield)
rNeg    + . .      Spirit   .   c - +0 leather armour
rPois   ∞          Reflect  .   (no helmet)
rElec   +          Harm     .   (no cloak)
rCorr   .          Rampage  .   (no gloves)
Will    .....                   k - +0 pair of boots
Stlth   +.........              (no amulet)
HPRegen 0.09/turn               (no ring)
MPRegen 0.09/turn               (no ring)

@: no status effects
A: sickness immunity, AC +3, negative energy resistance 1, electricity
resistance, torment resistance 1, petrification resistance
a: no special abilities


You were on level 3 of the Dungeon.
You visited 1 branch of the dungeon, and saw 3 of its levels.

You collected 134 gold pieces.

Inventory:

Hand Weapons
 a - a +1 hand crossbow (weapon)
Missiles
 d - 12 bolts (quivered ammo)
Armour
 c - a +0 leather armour (worn)
 k - a +0 pair of boots (worn)
Wands
 i - a wand of mindburst (1)
Scrolls
 b - 2 scrolls of identify {unknown}
 f - a scroll of vulnerability {unknown}
 g - a scroll of immolation {unknown}
 j - a scroll of noise {unknown}
 m - a scroll of torment {unknown}
Potions
 e - a potion of degeneration {unknown}
 h - a potion of heal wounds {unknown}
 l - a potion of curing {unknown}


   Skills:
 + Level 2.7 Fighting
 * Level 2.0 Maces & Flails
 * Level 4.5 Crossbows
 + Level 2.0 Dodging
 - Level 1.1 Stealth


You had 3 spell levels left.
You didn't know any spells.
Your spell library was empty.

Dungeon Overview and Level Annotations

Branches:
Dungeon (3/15)

Altars:
Gozag

Annotations:
D:2 Crazy Yiuf
D:3 Robin


Innate Abilities, Weirdness & Mutations

You are immune to sickness and miasma.
Your stone body is resilient. (AC +3)
You are immune to poison.
You resist negative energy. (rN+)
You are resistant to electric shocks. (rElec)
You are resistant to unholy torment.
You are immune to petrification.


Message History

Robin throws the goblin at you! The goblin hits you but does no damage.
The goblin closely misses you. The goblin misses you.
Robin throws the goblin at you! The goblin misses you.
The goblin hits you with a +0 club. x2
* * * LOW HITPOINT WARNING * * *
The hobgoblin no longer looks unusually strong.
The goblin misses you.
Robin roars a battlecry!
The hobgoblin goes into a battle-frenzy!
The goblin no longer looks unusually strong.
The hobgoblin no longer looks unusually strong.
Robin roars a battlecry!
The goblins go into a battle-frenzy!
The goblin no longer looks unusually strong. x2
The goblin hits you with a +0 club.
* * * LOW HITPOINT WARNING * * *
Robin roars a battlecry!
The goblins go into a battle-frenzy!
The goblin barely misses you. The goblin barely misses you.
The goblin no longer looks unusually strong.
The hobgoblin hits you but does no damage.
The goblin no longer looks unusually strong.
The kobold hits you with a +0 dagger.
* * * LOW HITPOINT WARNING * * *
Robin roars a battlecry!
The goblins go into a battle-frenzy!
The hobgoblin barely misses you. Robin throws the goblin at you!
The hobgoblin no longer looks unusually strong.
The goblin no longer looks unusually strong.
The hobgoblin no longer looks unusually strong.
The goblin barely misses you.
Robin roars a battlecry!
The goblins go into a battle-frenzy!
The hobgoblin hits you but does no damage.
Robin throws the goblin at you! The goblin hits you with a +0 club.
* * * LOW HITPOINT WARNING * * *
Robin throws the goblin at you!
You die...

#...........# #.# #.......#
###.........# #.# #.......#
#.........# #.## #.......#
#.........# #..# #.......#
#.........# ##.###.......#
#.........####..###.######
#......g.........##(#######
#.....g..K.......##.......#
#.(.....gg@......##.......#
#########.gg......#........
#.........#.......#
#.........#.#####.#
#.........#.#####.#
#..............##.#
#........#)....##.#
##########(.#.....#
(.>#.#####


You could see Robin, 2 hobgoblins, 3 goblins and a kobold.

Vanquished Creatures
  2 adders (D:2)
  3 ball pythons (D:1)
  5 endoplasms
  5 giant cockroaches
  7 goblins
  5 hobgoblins
  2 jackals (D:1)
  2 quokkas
  4 bats
  7 frilled lizards
  5 kobolds
  5 rats
52 creatures vanquished.

Vanquished Creatures (others)
  A plant (D:2)
1 creature vanquished.

Grand Total: 53 creatures vanquished

Notes
Turn   | Place    | Note
-------+----------+-------------------------------------------
     0 | D:1      | Zeld the Gargoyle Hunter began the quest for the Orb.
     0 | D:1      | Reached XP level 1. HP: 12/12 MP: 1/1
    16 | D:1      | Found a faded altar of an unknown god.
    28 | D:1      | Reached XP level 2. HP: 18/18 MP: 2/2
   141 | D:1      | Reached skill level 1 in Maces & Flails
   197 | D:1      | Reached XP level 3. HP: 22/22 MP: 3/3
   799 | D:2      | Found an opulent altar of Gozag.
   969 | D:2      | Reached XP level 4. HP: 27/27 MP: 4/4
  1126 | D:2      | Found a runed translucent door.
  1127 | D:2      | Noticed Crazy Yiuf
  1565 | D:3      | Noticed Robin
  1602 | D:3      | HP: 1/27 [goblin/+0 club[Robin] (5)]
  1603 | D:3      | Hit by a goblin thrown by Robin

Illustrated notes

Levels and vault maps discovered:
D:1:      minmay_arrival_jagged, layout_rooms, basic_ecumenical_altar
D:2:      layout_basic, basic_altar, serial_bayou_pond_d, minmay_lizard_pond,
          uniq_crazy_yiuf_cottage
D:3:      layout_basic, uniq_robin

Skill      XL: |  1  2  3  4 |
---------------+-------------+-----
Maces & Flails | 1 2 |  2.0
Dodging        | 2 |  2.0
Fighting       | |  2.7
Crossbows      | |  4.5
Stealth        | |  1.1

Action                   |  1- 3 |  4- 6 || total
-------------------------+-------+-------++-------
 Fire: Hand crossbow     |    78 |    27 ||   105
Armor: Leather armour    |     7 |    13 ||    20
Dodge: Dodged            |     8 |    20 ||    28
